 Dungeon Crawl Stone Soup version 0.28-a0-998-gb9e9c7b67e (webtiles) character file.

Game seed: 13691001222732033065

123 EnegeticOcto the Slasher (level 5, -1/45 HPs)
             Began as a Ghoul Wanderer on Dec 5, 2021.
             Was an Initiate of Ru.
             Slain by a yak (10 damage)
             ... on level 3 of the Dungeon on Dec 6, 2021.
             The game lasted 00:03:39 (3052 turns).

EnegeticOcto the Slasher (Ghoul Wanderer)           Turns: 3052, Time: 00:03:40

Health: -1/45      AC:  7    Str: 18    XL:     5   Next: 7%
Magic:  4/4        EV: 10    Int:  6    God:    Ru [......]
Gold:   170        SH:  0    Dex:  9    Spells: 4/4 levels left

rFire   . . .      SeeInvis .   a - +2 falchion
rCold   + . .      Faith    .   (no shield)
rNeg    + + +      Spirit   .   p - +0 ring mail
rPois   ∞          Reflect  .   (no helmet)
rElec   .          Harm     .   (no cloak)
rCorr   .          Rampage  .   o - +1 pair of gloves
Will    +....                   (no boots)
Stlth   +.........              (no amulet)
HPRegen 0.00/turn               k - ring of willpower
MPRegen 0.09/turn               (no ring)

@: inhibited regen
A: claws 1, cold resistance 1, negative energy resistance 3, inhibited
regeneration, torment resistance 2
a: Renounce Religion


You were on level 3 of the Dungeon.
You worshipped Ru.
Ru was noncommittal.
You visited 2 branches of the dungeon, and saw 5 of its levels.

You collected 170 gold pieces.

Inventory:

Hand Weapons
 a - a +2 falchion (weapon)
 b - a +0 short sword
 e - a +0 dagger
Missiles
 g - 13 poisoned darts (quivered)
Armour
 d - a +1 robe
 o - a +1 pair of gloves (worn)
   (You found it on level 2 of the Dungeon)
 p - a +0 ring mail (worn)
   (You took it off an orc on level 3 of the Dungeon)
Jewellery
 k - a ring of willpower (left hand)
   (You found it on level 2 of the Dungeon)
Wands
 r - a wand of paralysis (8)
   (You found it on level 3 of the Dungeon)
Scrolls
 c - 2 scrolls of teleportation {@r3 !r}
 h - a scroll of enchant weapon {unknown}
 q - a scroll of identify {unknown}
 s - a scroll of fear {unknown}
 t - a scroll of immolation {unknown}
Potions
 f - a potion of curing {@q1 !q}
 i - a potion of attraction {unknown}
 j - a potion of invisibility {unknown}
 l - 2 potions of ambrosia {unknown}
 m - a potion of magic {unknown}
 n - a potion of heal wounds {unknown}


   Skills:
 - Level 3.2 Fighting
 + Level 4.6 Long Blades
 - Level 1.0 Axes
 - Level 1.0 Dodging
 - Level 3.2 Stealth


You had 4 spell levels left.
You didn't know any spells.
Your spell library contained the following spells:

 Spells                   Type           Power      Damage    Failure   Level
 Sandblast                Erth           0%         2d4       65%         1
 Passwall                 Tmut/Erth      0%         N/A       80%         2
 Dazzling Flash           Conj/Hex       0%         N/A       95%         3
 Stone Arrow              Conj/Erth      0%         3d7       95%         3
 Agony                    Necr           0%         N/A       100%        5
 Silence                  Hex/Air        0%         N/A       100%        5


Dungeon Overview and Level Annotations

Branches:
Dungeon (4/15)             Temple (1/1) D:4

Altars:
Ashenzari
Cheibriados
Elyvilon
Fedhas
Gozag
Hepliaklqana
Kikubaaqudgha
Makhleb
Nemelex Xobeh
Okawaru
Qazlal
Ru
Sif Muna
Trog
Uskayaw
Vehumet
Wu Jian
Xom
Yredelemnul
The Shining One


Innate Abilities, Weirdness & Mutations

You thrive by killing the living.
You are immune to poison.
You have sharp fingernails.
Your flesh is cold resistant. (rC+)
You are immune to negative energy. (rN+++)
You do not regenerate when monsters are visible.
You are immune to unholy pain and torment.


Message History

HP restored.
t - a scroll labelled HEMOAR ALISEC A giant cockroach comes into view.
A giant cockroach is nearby!
A giant cockroach is nearby!
Found a giant club.
The giant cockroach closely misses you.
You barely miss the giant cockroach.
The giant cockroach bites you but does no damage.
You slash the giant cockroach!
You kill the giant cockroach!
No target in view!
No target in view!
No target in view!
No target in view!
No target in view!
No target in view!
No target in view!
No target in view!
You see here a giant cockroach corpse.
A yak comes into view.
A yak is nearby!
Throw: 21 darts (poison)
Press: ? - help, Q - select action Shift-Dir - straight line, f - yak
Aim: a yak (asleep, 98% to hit)
You throw a poisoned dart. The poisoned dart hits the yak.
The yak is poisoned.
The yak bellows!
You hear a bellow!
A yak comes into view.
The yak looks more healthy.
Throw: 20 darts (poison)
Press: ? - help, Q - select action Shift-Dir - straight line, f/p - yak
Aim: a yak (lightly wounded, 67% to hit)
You throw a poisoned dart.
The poisoned dart barely misses the yak.
Throw: 19 darts (poison)
Press: ? - help, Q - select action Shift-Dir - straight line, f/p - yak
Aim: a yak (lightly wounded, 67% to hit)
You throw a poisoned dart. The poisoned dart hits the yak.
The yak is poisoned.
The yak is lightly wounded.
Throw: 18 darts (poison)
Press: ? - help, Q - select action Shift-Dir - straight line, f/p - yak
Aim: a yak (lightly wounded, poisoned, 67% to hit)
You throw a poisoned dart. The poisoned dart hits the yak.
The yak is lightly wounded.
Throw: 17 darts (poison)
Press: ? - help, Q - select action Shift-Dir - straight line, f/p - yak
Aim: a yak (lightly wounded, poisoned, 67% to hit)
You throw a poisoned dart.
The poisoned dart barely misses the yak.
Throw: 16 darts (poison)
Press: ? - help, Q - select action Shift-Dir - straight line, f/p - yak
Aim: a yak (lightly wounded, poisoned, 67% to hit)
You throw a poisoned dart.
The poisoned dart barely misses the yak.
Throw: 15 darts (poison)
Press: ? - help, Q - select action Shift-Dir - straight line, f/p - yak
Aim: a yak (lightly wounded, poisoned, 67% to hit)
You throw a poisoned dart. The poisoned dart hits the yak.
The yak looks even sicker.
The yak is lightly wounded.
The yak gores you!
A yak comes into view.
You slash the yak!
The yak is heavily wounded.
The yak barely misses you.
You hit the yak.
The yak is heavily wounded.
The yak gores you but does no damage.
You hit the yak but do no damage.
The yak is heavily wounded.
The yak looks more healthy.
The yak gores you!
You hit the yak.
The yak is heavily wounded.
The yak gores you.
You slash the yak!
The yak is severely wounded.
The yak barely misses you.
A yak comes into view.
There is a dry fountain here.
The yak barely misses you.
There is a dry fountain here.
Throw: 14 darts (poison)
Press: ? - help, Q - select action Shift-Dir - straight line, f/p - yak
Aim: a yak (severely wounded, 67% to hit)
You throw a poisoned dart.
The poisoned dart closely misses the yak.
You barely miss the yak.
The yak is severely wounded.
The yak gores you. The yak gores you!
* * * LOW HITPOINT WARNING * * *
It was a potion of curing.
You feel better. The yak gores you but does no damage.
There is a stone staircase leading up here.
The yak gores you.
* * * LOW HITPOINT WARNING * * *
You climb upwards.
There is a stone staircase leading down here.
The yak gores you!
You die...

##### ####.## #...#
#.# #...# #.# #...#
#.# #...# #.#
#...######.#
#...##...#.#
#...##...#.########
................@>#
#####....#.######Y#
####....#.# #.#
##.......+.# ###.#
##.##....### #.#.#
##.#.....# #.#.#
.#<##.#.#######.#.#
.#.##.#.........#.#
.#.##.#########.#.#


You could see a yak.

Vanquished Creatures
  An orc priest (D:3)
  4 adders
  2 worms
  4 orcs
  6 ball pythons
  4 endoplasms
  5 giant cockroaches
  3 hobgoblins
  A quokka (D:3)
  6 frilled lizards
  7 goblins
  6 kobolds
  2 rats
51 creatures vanquished.

Notes
Turn   | Place    | Note
-------+----------+-------------------------------------------
     0 | D:1      | EnegeticOcto the Ghoul Wanderer began the quest for the
                  | Orb.
     0 | D:1      | EnegeticOcto set off with the following items: a +2
                  | falchion, a +0 short sword, a scroll of teleportation {@r3
                  | !r}, a +0 robe, a +0 dagger
     0 | D:1      | Reached XP level 1. HP: 19/19 MP: 0/0
     0 | D:1      | Upgraded the game from 0.28-a0-991-g956f0ee3d5 to
                  | 0.28-a0-998-gb9e9c7b67e
    40 | D:1      | Reached skill level 2 in Long Blades
   420 | D:1      | Reached XP level 2. HP: 26/26 MP: 1/1
   558 | D:1      | Found a faded altar of an unknown god.
   684 | D:2      | You fall into a shaft and drop 1 floor!
   833 | D:2      | Reached skill level 3 in Long Blades
   833 | D:2      | Reached XP level 3. HP: 21/31 MP: 2/2
  1337 | D:2      | Reached XP level 4. HP: 38/38 MP: 3/3
  1778 | D:3      | Reached skill level 4 in Long Blades
  2456 | D:3      | Reached XP level 5. HP: 45/45 MP: 4/4
  2772 | D:4      | Found a staircase to the Ecumenical Temple.
  2781 | Temple   | Entered the Ecumenical Temple
  2930 | Temple   | Became a worshipper of Ru the Awakened
  3004 | D:4      | Noticed a yak
  3005 | D:4      | Noticed a yak
  3022 | D:4      | Noticed a yak
  3032 | D:4      | Noticed a yak
  3044 | D:4      | HP: 2/45 [yak (14)]
  3052 | D:3      | Slain by a yak

Illustrated notes

Levels and vault maps discovered:
D:1:      minmay_arrival_five_plusses, layout_basic, basic_ecumenical_altar
D:2:      layout_basic, st_stairs_9, kennysheep_potato
D:3:      layout_basic
D:4:      layout_rooms, minmay_temple_entry_junction
Temple:   mainiacjoe_temple_circle_huts

Skill      XL: |  1  2  3  4 |
---------------+-------------+-----
Long Blades    | 2 3 4 |  4.6
Fighting       | |  3.2
Axes           | |  1.0
Dodging        | |  1.0
Stealth        | |  3.2

Action                   |  1- 3 |  4- 6 || total
-------------------------+-------+-------++-------
Melee: Falchion          |    87 |    72 ||   159
Throw: Dart              |     2 |    11 ||    13
  Use: Scroll            |     2 |       ||     2
       Potion            |       |     1 ||     1
 Stab: Sleeping          |     3 |     2 ||     5
Armor: Robe              |     9 |    11 ||    20
       Ring mail         |       |     7 ||     7
Dodge: Dodged            |    47 |    29 ||    76

Table legend: (Time is in decaauts)
 A = Elapsed time spent in this place.
 B = Non-inter-level travel time spent in this place.
 C = Inter-level travel time spent in this place.
 D = Time resting spent in this place.
 E = Time spent auto-exploring this place.
 F = Levels seen in this place.
 G = Mean time per level.
                   A        B        C        D        E       F      G
               +--------+--------+--------+--------+--------+-----+--------+
         Total |   3073 |   3027 |     46 |    179 |   2294 |   5 |  614.6 |
       Dungeon |   2904 |   2876 |     28 |    179 |   2178 |   4 |  726.0 |
        Temple |    168 |    150 |     18 |      0 |    116 |   1 |  168.0 |
               +--------+--------+--------+--------+--------+-----+--------+

Top non-repeatable levels by time:
     D:2: 1286 daAuts
     D:3: 857 daAuts
     D:1: 640 daAuts
  Temple: 168 daAuts
     D:4: 119 daAuts
